 Dungeon Crawl Stone Soup version 0.28-a0-465-ge2dae52223 (console) character file.

Game seed: 1408944516945007009

409 nht the Cutter (level 6, -1/44 HPs)
             Began as a Vampire Brigand on Sept 14, 2021.
             Slain by Duvessa (3 damage)
             ... on level 5 of the Dungeon.
             The game lasted 00:06:00 (3283 turns).

nht the Cutter (Vampire Brigand)                    Turns: 3283, Time: 00:06:01

Health: -1/44      AC:  8    Str: 10    XL:     6   Next: 58%
Magic:  6/6        EV: 12    Int: 13    God:
Gold:   200        SH:  0    Dex: 18    Spells: 5/5 levels left

rFire   . . .      SeeInvis +   u - +14 obsidian axe {vorpal, Mesm Drain Fly SInv}
rCold   . . .      Faith    .   (no shield)
rNeg    . . .      Spirit   .   b - +0 robe
rPois   .          Reflect  .   n - +0 helmet
rElec   .          Harm     .   c - +0 cloak
rCorr   .          Rampage  .   (no gloves)
Will    .....                   (no boots)
Stlth   +++.......              (no amulet)
HPRegen 0.34/turn               h - +4 ring of protection
MPRegen 0.10/turn               (no ring)

@: flying, mesmerised, healing quickly
A: alive, fangs 3, see invisible, vampiric 2
a: Exsanguinate


You were on level 5 of the Dungeon.
You visited 1 branch of the dungeon, and saw 5 of its levels.

You collected 224 gold pieces.
You spent 24 gold pieces at shops.

Inventory:

Hand Weapons
 a - a +2 dagger
 e - a +0 short sword of venom
 u - the +14 obsidian axe (weapon) {vorpal, Mesm Drain Fly SInv}
   (You found it on level 4 of the Dungeon)

   It inflicts extra damage upon your enemies.
   It occasionally summons demons to assist the wielder when it strikes in
   combat.
   Its wielder is mesmerised by any visible foes.
   It cannot be unequipped while any foes are visible.
   SInv:      It lets you see invisible.
   Fly:       It grants you flight.
   Drain:     It drains your maximum health when unequipped.
Missiles
 d - 18 poisoned darts (quivered)
 g - a curare-tipped dart
Armour
 b - a +0 robe (worn)
 c - a +0 cloak (worn)
 n - a +0 helmet (worn)
Jewellery
 h - a +4 ring of protection (left hand)
Scrolls
 i - 2 scrolls of enchant weapon {unknown}
 j - 2 scrolls of identify
 k - a scroll of immolation {unknown}
 l - a scroll of vulnerability {unknown}
 m - 2 scrolls of torment {unknown}
 o - a scroll of summoning {unknown}
 q - a scroll of magic mapping {unknown}
 r - a scroll of noise {unknown}
 t - 3 scrolls of blinking {unknown}
Potions
 f - a potion of resistance
 s - a potion of magic


   Skills:
 - Level 1.7 Fighting
 - Level 7.7 Short Blades
 + Level 0.8 Axes
 - Level 1.5 Throwing
 - Level 1.1 Dodging
 - Level 5.8 Stealth


You had 5 spell levels left.
You didn't know any spells.
Your spell library was empty.

Dungeon Overview and Level Annotations

Branches:
Dungeon (5/15)
 Temple: D:4-7

Altars:
Cheibriados
Gozag
Uskayaw

Shops:
D:2 ?

Annotations:
D:5 Duvessa


Innate Abilities, Weirdness & Mutations

Your natural rate of healing is accelerated.
You have razor-sharp teeth.
You have supernaturally acute eyesight. (SInv)
You are afflicted with vampirism and can become a bat while bloodless.


Message History

Ijyb shouts!
Found a ring mail.
There is a stone staircase leading up here.
Dowan shouts!
You hear an angry growl.
Ijyb zaps a wand.
The mass of ice explodes!
The iceblast engulfs you!
Duvessa, Sister of Dowan comes into view.
She is wielding a +0 rapier.
Dowan mumbles some strange words.
Dowan blinks!
Duvessa shouts!
You hear a shout! x2
Ijyb hits you but does no damage.
You hit Ijyb.
Ijyb is moderately wounded.
Ijyb hits you with a +2 dagger of protection.
You slash Ijyb!
You are no longer entranced.
You kill Ijyb!
Visions of slaying Duvessa flood into your mind.
Dowan gestures at Duvessa while chanting.
Duvessa seems to speed up.
There is a stone staircase leading up here.
You closely miss Duvessa. Duvessa barely misses you.
Dowan points at you and mumbles some strange words.
The puff of flame hits you. Duvessa hits you with a +0 rapier!
You cannot move away from Duvessa!
You hit Duvessa. Your bite misses Duvessa.
Duvessa is lightly wounded.
Duvessa hits you with a +0 rapier. Duvessa hits you with a +0 rapier!
* * * LOW HITPOINT WARNING * * *
You are confused.
You feel invigorated.
Your confusion fades away as the thirst for blood takes over your mind.
You feel less invigorated. Duvessa hits you with a +0 rapier!
* * * LOW HITPOINT WARNING * * *
Duvessa hits you with a +0 rapier.
* * * LOW HITPOINT WARNING * * *
You slice Dowan!!
You kill Dowan!
Duvessa screams in rage.
Duvessa goes berserk!
You hit Duvessa. Duvessa closely misses you. Duvessa hits you with a +0 rapier.
You die...

...... ..█..
......██....
...........█
..........█
██........█
██........█
......)...██
.██...e@...█
...........█
...██[...█...█
. █...)█ .██
......... .█
.......... .█
.....█.██... █
....███ ..██
..█. .██ █ .█


You could see Duvessa (mesmerising, berserk, fast).

Vanquished Creatures
  Dowan (D:5)
  An orc priest (D:3)
  A gnoll shaman (D:4)
  2 hounds (D:4)
  Ijyb (D:5)
  Terence (D:2)
  2 iguanas (D:4)
  An orc wizard (D:3)
  4 gnolls (D:4)
  6 adders
  An ufetubus (D:4)
  An adder skeleton (D:4)
  3 worms
  2 dart slugs
  3 orcs (D:3)
  3 ball pythons
  3 endoplasms
  4 giant cockroaches
  3 hobgoblins (D:1)
  2 quokkas
  6 bats
  2 frilled lizards
  6 goblins
  3 kobolds
  4 rats
66 creatures vanquished.

Notes
Turn   | Place    | Note
-------+----------+-------------------------------------------
     0 | D:1      | nht the Vampire Brigand began the quest for the Orb.
     0 | D:1      | Reached XP level 1. HP: 16/16 MP: 1/1
   234 | D:1      | Reached skill level 3 in Short Blades
   234 | D:1      | Reached XP level 2. HP: 22/22 MP: 2/2
   569 | D:1      | Found a faded altar of an unknown god.
   649 | D:2      | Reached skill level 4 in Short Blades
   649 | D:2      | Gained mutation: You are afflicted with vampirism and can
                  | become a bat while bloodless. [Vampire growth]
   649 | D:2      | Reached XP level 3. HP: 27/27 MP: 3/3
   755 | D:2      | Found Tedwulygo's Magic Scroll Boutique.
   764 | D:2      | Bought a scroll of identify for 24 gold pieces
   823 | D:2      | Noticed Terence
   840 | D:2      | Killed Terence
   841 | D:2      | Reached skill level 5 in Short Blades
   841 | D:2      | Reached XP level 4. HP: 25/33 MP: 4/4
   879 | D:2      | Found a snail-covered altar of Cheibriados.
  1174 | D:3      | Noticed a +0 falchion
  1175 | D:3      | Noticed a +0 dagger
  1175 | D:3      | Noticed a +0 short sword
  1176 | D:3      | Noticed a +0 short sword
  1177 | D:3      | Noticed a +0 spear
  1284 | D:3      | Found a hide-covered altar of Uskayaw.
  1291 | D:3      | Noticed a +0 falchion
  1291 | D:3      | Noticed a +0 spear
  1293 | D:3      | Noticed a +0 dagger
  1494 | D:3      | Reached skill level 6 in Short Blades
  1494 | D:3      | Reached XP level 5. HP: 15/38 MP: 5/5
  1649 | D:3      | Found an opulent altar of Gozag.
  2199 | D:4      | Reached skill level 7 in Short Blades
  2199 | D:4      | Reached XP level 6. HP: 30/44 MP: 6/6
  2699 | D:4      | Found the +14 obsidian axe {vorpal, Mesm Drain Fly SInv}
  3273 | D:5      | Entered Level 5 of the Dungeon
  3273 | D:5      | Noticed Dowan
  3273 | D:5      | Noticed Ijyb
  3274 | D:5      | Noticed Duvessa
  3277 | D:5      | Killed Ijyb
  3282 | D:5      | HP: 2/44 [Duvessa (4)]
  3283 | D:5      | Killed Dowan
  3283 | D:5      | Slain by Duvessa

Illustrated notes

Levels and vault maps discovered:
D:1:      psy_arrival_basics, layout_basic, ebering_ecumenical_altar_sacrificial
D:2:      layout_basic, basic_altar, serial_shops, nicolae_shop_trees,
          uniq_terence
D:3:      layout_basic, nicolae_uskayaw_en_pointe, mainiacjoe_overflow_catwalk
D:4:      minmay_spotlight, layout_basic
D:5:      layout_cave_pools, mainiacjoe_overflow_alcove_2,
          lightli_sewer_entry_pipes, uniq_crazy_yiuf_cottage, uniq_duvessa,
          uniq_sigmund, uniq_grinder, uniq_ijyb

Skill      XL: |  1  2  3  4  5 |
---------------+----------------+-----
Short Blades   | 3 4 5 6 7 |  7.7
Fighting       | |  1.7
Axes           | |  0.8
Throwing       | |  1.5
Dodging        | |  1.1
Stealth        | |  5.8

Action                   |  1- 3 |  4- 6 || total
-------------------------+-------+-------++-------
Melee: Dagger            |    90 |    31 ||   121
       Bite              |     7 |    10 ||    17
       Short sword       |       |   107 ||   107
       Broad axe         |       |     5 ||     5
Throw: Dart              |     1 |     9 ||    10
  Use: Scroll            |     3 |     1 ||     4
       Potion            |       |     3 ||     3
 Stab: Sleeping          |     6 |    12 ||    18
       Distracted        |       |     1 ||     1
Armor: Robe              |    25 |    37 ||    62
Dodge: Dodged            |    42 |    54 ||    96

Table legend: (Time is in decaauts)
 A = Elapsed time spent in this place.
 B = Non-inter-level travel time spent in this place.
 C = Inter-level travel time spent in this place.
 D = Time resting spent in this place.
 E = Time spent auto-exploring this place.
 F = Levels seen in this place.
 G = Mean time per level.
                   A        B        C        D        E       F      G
               +--------+--------+--------+--------+--------+-----+--------+
         Total |   3231 |   3055 |    176 |      0 |   2522 |   5 |  646.2 |
       Dungeon |   3231 |   3055 |    176 |      0 |   2522 |   5 |  646.2 |
               +--------+--------+--------+--------+--------+-----+--------+

Top non-repeatable levels by time:
     D:4: 1151 daAuts
     D:3: 921 daAuts
     D:1: 617 daAuts
     D:2: 528 daAuts
     D:5: 12 daAuts
